 Dungeon Crawl Stone Soup version 0.30.1 (webtiles) character file.

Game seed: 2565036140464112275

18 Kaiern the Caller (level 2, -3/17 HPs)
             Began as an Octopode Summoner on July 2, 2023.
             Slain by a kobold
             ... wielding a +0 whip
              (4 damage)
             ... on level 1 of the Dungeon.
             The game lasted 00:03:25 (620 turns).

Kaiern the Caller (Octopode Summoner)                Turns: 620, Time: 00:03:26

Health: -3/17      AC:  1    Str:  7    XL:     2   Next: 70%
Magic:  3/5        EV: 13    Int: 17    God:
Gold:   19         SH:  0    Dex: 12    Spells: 3/6 levels left

rFire   . . .        b - +0 short sword
rCold   . . .        (no shield)
rNeg    . . .        (helmet restricted)
rPois   .            (no amulet)
rElec   .            (no ring)
rCorr   .            (no ring)
SInv    .            (no ring)
Will    .....        (no ring)
Stlth   +++          (no ring)
HPRegen 0.22/turn    (no ring)
MPRegen 0.09/turn    (no ring)
                     (no ring)

%: no passive effects
@: no status effects
A: almost no armour, amphibious, 8 rings, camouflage 1, gelatinous body 1,
(nimble swimmer 1), tentacles
a: no special abilities


You were on level 1 of the Dungeon.
You visited 1 branch of the dungeon, and saw 1 of its levels.

You collected 19 gold pieces.

Inventory:

Hand Weapons
 b - a +0 short sword (weapon)
Scrolls
 d - 2 scrolls of vulnerability {unknown}
 e - a scroll of teleportation {unknown}
Potions
 a - a potion of magic
 c - 2 potions of heal wounds {unknown}


   Skills:
 + Level 2.0 Dodging
 - Level 2.6 Stealth
 + Level 0.1 Unarmed Combat
 + Level 2.5 Spellcasting
 + Level 4.3 Summonings


You had 3 spell levels left.
You knew the following spells:

 Your Spells              Type           Power      Damage    Failure   Level
a - Summon Small Mammal   Summ           68%        N/A       3%          1
b - Call Imp              Summ           34%        N/A       4%          2

Your spell library contained the following spells:

 Spells                   Type           Power      Damage    Failure   Level
 Call Canine Familiar     Summ           17%        N/A       9%          3
 Summon Guardian Golem    Hex/Summ       9%         N/A       22%         3
 Summon Lightning Spire   Summ/Air       9%         N/A       58%         4


Dungeon Overview and Level Annotations

Branches:
Dungeon (1/15)

Altars:


Innate Abilities, Weirdness & Mutations

You cannot wear most types of armour.
You are amphibious.
You can wear up to eight rings at the same time.
Your skin changes colour to match your surroundings (Stealth+).
Your rubbery body absorbs attacks. (AC +1, EV +1)
((You are camouflaged when in or above water. (Stealth+)))
You have tentacles for arms and can constrict up to eight enemies at once.


Message History

The kobold hits your cerulean imp with a +1 short sword of speed.
You hit the kobold but do no damage. You grab the kobold.
Your squeeze misses the kobold.
You constrict the kobold, but do no damage.
The kobold hits your cerulean imp with a +1 short sword of speed.
Your cerulean imp hits the kobold with a -3 spear.
The kobold dies!
The rat bites you.
An endoplasm comes into view.
The kobold closely misses you. The kobold hits you but does no damage.
Casting: Call Imp (safe; 4% risk of failure)
Confirm with . or Enter, or press ? or * to list all spells.
You constrict the kobold.
Your cerulean imp closely misses the kobold.
The rat bites you.
The rat closely misses your cerulean imp.
The kobold hits you with a +0 whip.
* * * LOW HITPOINT WARNING * * *
The kobold barely misses you.
You swap places.
You release your grip on the kobold.
Your cerulean imp barely misses the kobold.
The rat bites you.
* * * LOW HITPOINT WARNING * * *
The rat bites your cerulean imp but does no damage.
The kobold closely misses you.
The kobold hits your rat but does no damage.
The quokka misses your cerulean imp.
Your rat bites the kobold.
You barely miss the rat. You grab the rat.
You squeeze the rat, but do no damage. You constrict the rat.
Your cerulean imp hits the rat with a -3 spear.
The rat dies!
The rat bites you but does no damage. The endoplasm hits your cerulean imp.
The kobold barely misses you.
The kobold hits your rat with a +0 short sword.
Your rat dies!
Your rat's corpse disappears in a puff of smoke!
The quokka closely misses your cerulean imp.
You release your grip on the rat.
The kobold attacks as you move away! The kobold hits you with a +0 whip.
You die...

.#####..## #
#?!!#...# #.
#.rg#...#
..#.r.#5..##
#.###.##..#
#.Jr#.#...# .
#?K5##K##..#
#...#.K.#.#...#
#.....r@##.##..#
...#.##g...#|#..#
#..... #.#..###
.# ....# #.#....
...# #....... ##
###.##### ##


You could see an endoplasm (ally target), a quokka, a hobgoblin, 3 kobolds, a
rat and a friendly cerulean imp (summoned).

Vanquished Creatures
  2 ball pythons (D:1)
  2 hobgoblins (D:1)
  A quokka (D:1)
  A bat (D:1)
  3 kobolds (D:1)
  A rat (D:1)
10 creatures vanquished.

Vanquished Creatures (collateral kills)
  A giant cockroach (D:1)
  2 kobolds (D:1)
  A quokka (D:1)
  A ball python (D:1)
  3 rats (D:1)
8 creatures vanquished.

Grand Total: 18 creatures vanquished

Notes
Turn   | Place    | Note
-------+----------+-------------------------------------------
     0 | D:1      | Kaiern the Octopode Summoner began the quest for the Orb.
     0 | D:1      | Reached XP level 1. HP: 11/11 MP: 3/3
   185 | D:1      | Reached XP level 2. HP: 12/17 MP: 3/5
   193 | D:1      | Learned a level 2 spell: Call Imp
   620 | D:1      | Slain by a kobold

Illustrated notes

Levels and vault maps discovered:
D:1:      scummos_arrival_forest, layout_basic, kennysheep_nondescript,
          minmay_vboxes

Action                     || total
---------------------------++-------
  Melee: Unarmed           ||    10
         Constrict         ||     8
         Tentacles         ||     6
         Short sword       ||    12
   Cast: Summon Small Mamm ||    17
         Call Imp          ||     5
 Armour: Skin              ||     3
  Dodge: Dodged            ||    15
